 Dungeon Sprint DCSS version 0.16-a0-3994-gbbee317 (webtiles) character file.

9057 BluebellGnoll the Bludgeoner (level 11, -17/130 HPs)
             Began as an Ogre Venom Mage on Feb 13, 2015.
             Was a High Priest of Okawaru.
             Demolished by a red devil
             ... wielding a +1 demon trident of draining
             ... summoned by an orc sorcerer
              (25 damage)
             ... in the Dungeon (Sprint IX: "|||||||||||||||||||||||||||||").
             The game lasted 00:18:26 (2218 turns).

BluebellGnoll the Bludgeoner (Ogre Venom Mage)      Turns: 2218, Time: 00:18:26

Health: -17/130    AC:  4    Str: 15      XL:     11   Next: 40%
Magic:  7/18       EV: 16    Int: 21 (23) God:    Okawaru [*****.]
Gold:   1296       SH:  0    Dex: 10      Spells: 4 memorised, 3 levels left

rFire  . . .     SeeInvis .     s - +0 giant spiked club
rCold  . . .     Clarity  .     a - +0 robe
rNeg   . . .     SustAb   .     (shield restricted)
rPois  .         Gourm    .     (helmet restricted)
rElec  .         Spirit   .     o - +0 cloak
rCorr  .         Warding  .     (gloves unavailable)
rMut   .         NoTele   +     (boots unavailable)
MR     +....                    (no amulet)
Stlth  ++........               q - +3 ring of intelligence
                                p - +3 ring of intelligence

@: heroism, drained, somewhat resistant to hostile enchantments, unstealthy
A: unfitting armour, tough skin 1
a: Heroism, Finesse, Renounce Religion


You were in the Dungeon.
You worshipped Okawaru.
Okawaru was extremely pleased with you.
You were hungry.

You visited 1 branch You collected 1296 gold pieces.

Inventory:

Hand weapons
 n - a +2 morningstar of protection
 s - a +0 giant spiked club (weapon)
 D - a +0 blowgun
Missiles
 e - 3 curare-tipped needles
 f - 5 javelins of returning
 C - 7 tomahawks
 E - 7 large rocks (quivered)
 F - a tomahawk of returning
Armour
 a - a +0 robe (worn)
 o - a +0 cloak (worn)
 r - a troll hide
Magical staves
 m - an uncursed staff of energy
Jewellery
 p - a +3 ring of intelligence (left hand)
 q - a +3 ring of intelligence (right hand)
Magical devices
 l - a wand of draining (0)
Scrolls
 i - 3 scrolls of blinking
 j - 3 scrolls of remove curse
 k - 2 scrolls of amnesia
 w - a scroll of fog
 x - a scroll of identify
 y - 2 scrolls of enchant armour
Potions
 d - 5 potions of curing
 g - 3 potions of magic
 h - 4 potions of heal wounds
 t - a potion of haste
 u - 2 potions of brilliance
 v - a potion of cure mutation
Books
 b - a Young Poisoner's Handbook

   Spells                             Type                      Level
   a - Sting                          Conjuration/Poison           1
   b - Cure Poison                    Poison                       2
   c - Mephitic Cloud                 Conjuration/Poison/Air       3
   d - Olgreb's Toxic Radiance        Poison                       4
   e - Venom Bolt                     Conjuration/Poison           5
Comestibles
 c - 13 meat rations
 A - 37 fruits
 B - 12 bread rations


   Skills:
 - Level 14.3(18.1) Fighting
 - Level 15.2(19.0) Maces & Flails
 + Level 11.0(14.9) Throwing
 - Level 10.9(14.8) Dodging
 - Level 1.5(5.7) Stealth
 - Level 2.4(1.6) Spellcasting
 - Level 10.7(9.7) Conjurations
 - Level 7.0(6.1) Poison Magic


You had 3 spell levels left.
You knew the following spells:

 Your Spells              Type           Power        Failure   Level  Hunger
a - Sting                 Conj/Pois      ####         1%          1    #......
b - Cure Poison           Pois           ####......   1%          2    ###....
c - Mephitic Cloud        Conj/Pois/Air  ###.....     6%          3    ###....
d - Venom Bolt            Conj/Pois      #####.....   21%         5    ######.


Dungeon Overview and Level Annotations

Branches:
Dungeon (1/1)

Altars:
Cheibriados
Dithmenos
Elyvilon
Fedhas
Gozag
Kikubaaqudgha
Makhleb
Nemelex Xobeh
Okawaru
Qazlal
Ru
Sif Muna
Trog
Vehumet
Xom
Yredelemnul
Zin
The Shining One
Beogh
Jiyva
Lugonu

Shops:
D (*


Innate Abilities, Weirdness & Mutations

You are too large for most types of armour.
You have tough skin (AC +1).


Message History

The sixfirhy is heavily wounded.
The sixfirhy completely misses you. The sixfirhy hits you.
The sixfirhy shocks you! The sixfirhy barely misses you.
The orc sorcerer hits you with a dagger.
The sixfirhy barely misses you. The red devil completely misses you.
You barely miss the orc sorcerer. The sixfirhy hits you.
* * * LOW HITPOINT WARNING * * *
The sixfirhy shocks you!
* * * LOW HITPOINT WARNING * * *
The orc sorcerer barely misses you.
You barely miss the orc sorcerer.
The red devil hits you from afar with a demon trident of draining!!
* * * LOW HITPOINT WARNING * * *
You feel drained.
* * * LOW HITPOINT WARNING * * *
The orc sorcerer gestures at you while chanting.
The bolt of negative energy misses you.
You closely miss the orc sorcerer.
The red devil hits you from afar with a demon trident of draining!!
You die...

▓▓▓▓▓▓▓▓▓▓▓▓▓▓▓▓▓▓
))['..........4.o▓
▓▓▓▓▓▓▓▓▓▓▓▓▓▓▓▓@▓
...............4)▓
▓▓▓▓▓▓▓▓▓▓▓▓▓▓▓▓▓▓
.[.......'.......▓
▓▓▓▓▓▓▓▓▓▓▓▓▓▓▓▓.▓
.................▓
▓▓▓▓▓▓▓▓▓▓▓▓▓▓▓▓▓▓
..)).'....)'....<▓
▓▓▓▓▓▓▓▓▓▓▓▓▓▓▓▓▓▓


You could see a sixfirhy, an orc sorcerer and a red devil.

Vanquished Creatures
  A hydra (D)
  3 lindwurms (D)
  5 orc sorcerers (D)
  An orc knight (D)
  A cyclops (D)
  A spiny frog (D)
  2 trolls (D)
  Sonja (D)
  A two-headed ogre (D)
  A blink frog (D)
  A trapdoor spider (D)
  A yak (D)
  A wolf (D)
  A hippogriff (D)
  4 water moccasins (D)
  An ice beast (D)
  A sky beast (D)
  12 orc warriors (D)
  4 orc zombies (D)
  A crocodile (D)
  3 brain worms (D)
  A giant frog (D)
  3 hounds (D)
  4 orc priests (D)
  3 iguanas (D)
  4 orc wizards (D)
  A river rat (D)
  3 adders (D)
  2 worms (D)
  An ooze (D)
  7 orcs (D)
  3 hobgoblins (D)
  A kobold (D)
  A quokka (D)
  2 bats (D)
  A giant gecko zombie (D)
  A goblin (D)
85 creatures vanquished.

Notes
Turn   | Place    | Note
--------------------------------------------------------------
     0 | D        | BluebellGnoll, the Ogre Venom Mage, began the quest for the Orb.
     0 | D        | Reached XP level 1. HP: 16/16 MP: 3/3
    25 | D        | Reached skill level 3 in Fighting
    34 | D        | Reached skill level 4 in Fighting
   280 | D        | Noticed a hound
   281 | D        | Reached XP level 2. HP: 33/33 MP: 3/5
   287 | D        | Reached skill level 1 in Conjurations
   321 | D        | Killed a hound
   321 | D        | Reached XP level 3. HP: 15/40 MP: 0/6
   348 | D        | Found a glowing silver altar of Zin.
   348 | D        | Found a glowing golden altar of the Shining One.
   348 | D        | Found an ancient bone altar of Kikubaaqudgha.
   348 | D        | Found a basalt altar of Yredelemnul.
   348 | D        | Found a shimmering altar of Xom.
   348 | D        | Found a radiant altar of Vehumet.
   348 | D        | Found an iron altar of Okawaru.
   349 | D        | Found a burning altar of Makhleb.
   350 | D        | Found a deep blue altar of Sif Muna.
   351 | D        | Found a bloodstained altar of Trog.
   352 | D        | Found a sparkling altar of Nemelex Xobeh.
   353 | D        | Found a white marble altar of Elyvilon.
   354 | D        | Found a roughly hewn altar of Beogh.
   355 | D        | Found a viscous altar of Jiyva.
   356 | D        | Found a corrupted altar of Lugonu.
   357 | D        | Became a worshipper of Warmaster Okawaru
   358 | D        | Found a blossoming altar of Fedhas.
   359 | D        | Found a snail-covered altar of Cheibriados.
   360 | D        | Found a shadowy altar of Dithmenos.
   361 | D        | Found a stormy altar of Qazlal.
   362 | D        | Found an opulent altar of Gozag.
   363 | D        | Found a sacrificial altar of Ru.
   402 | D        | Learned a level 2 spell: Cure Poison
   406 | D        | Learned a level 3 spell: Mephitic Cloud
   530 | D        | Noticed a troll
   530 | D        | Noticed a sky beast
   530 | D        | Noticed a yak
   530 | D        | Noticed an orc warrior
   530 | D        | Noticed a hound
   530 | D        | Noticed a water moccasin
   533 | D        | Killed a water moccasin
   533 | D        | Reached skill level 5 in Maces & Flails
   533 | D        | Reached skill level 5 in Poison Magic
   533 | D        | Reached XP level 4. HP: 40/49 MP: 8/8
   533 | D        | Reached XP level 5. HP: 44/55 MP: 9/9
   537 | D        | Killed a hound
   537 | D        | Acquired Okawaru's first power
   537 | D        | Reached skill level 7 in Maces & Flails
   539 | D        | Killed an orc warrior
   539 | D        | Reached skill level 10 in Maces & Flails
   539 | D        | Reached XP level 6. HP: 41/63 MP: 11/11
   545 | D        | Killed a sky beast
   545 | D        | Reached skill level 12 in Maces & Flails
   546 | D        | Killed a troll
   546 | D        | Reached skill level 13 in Maces & Flails
   546 | D        | Reached XP level 7. HP: 40/71 MP: 5/12
   549 | D        | Killed a yak
   549 | D        | Reached skill level 15 in Maces & Flails
   704 | D        | Noticed a troll
   704 | D        | Noticed a cyclops
   704 | D        | Noticed a two-headed ogre
   704 | D        | Noticed a five-headed hydra
   704 | D        | Noticed an ice beast
   709 | D        | Noticed a trapdoor spider
   709 | D        | Killed a two-headed ogre
   712 | D        | Killed an ice beast
   712 | D        | Reached XP level 8. HP: 78/88 MP: 12/14
   713 | D        | Killed a cyclops
   713 | D        | Reached skill level 10 in Fighting
   715 | D        | Killed a five-headed hydra
   715 | D        | Reached XP level 9. HP: 83/107 MP: 12/15
   723 | D        | Killed a trapdoor spider
   733 | D        | Killed a troll
   869 | D        | Noticed a spiny frog
   869 | D        | Noticed an iguana
   869 | D        | Noticed an iguana
   872 | D        | Noticed a crocodile
   873 | D        | Killed an iguana
   874 | D        | Noticed a hound
   892 | D        | Killed an iguana
   895 | D        | Killed a hound
   897 | D        | Killed a spiny frog
   897 | D        | Reached skill level 5 in Conjurations
   902 | D        | Killed a crocodile
   923 | D        | Learned a level 5 spell: Venom Bolt
   971 | D        | Noticed a blink frog
   971 | D        | Noticed a hippogriff
   971 | D        | Noticed a water moccasin
   971 | D        | Noticed a water moccasin
   971 | D        | Noticed an iguana
   971 | D        | Noticed a wolf
   975 | D        | Noticed a giant frog
   979 | D        | Killed a wolf
   979 | D        | Reached skill level 1 in Throwing
   981 | D        | Killed an iguana
   987 | D        | Noticed a water moccasin
   989 | D        | Killed a water moccasin
   997 | D        | Killed a water moccasin
  1005 | D        | Killed a hippogriff
  1009 | D        | Killed a blink frog
  1009 | D        | Received a gift from Okawaru
  1009 | D        | Reached XP level 10. HP: 58/119 MP: 17/17
  1025 | D        | Killed a giant frog
  1246 | D        | Killed a water moccasin
  1265 | D        | Noticed a brain worm
  1265 | D        | Noticed a lindwurm
  1265 | D        | Noticed a brain worm
  1265 | D        | Noticed a lindwurm
  1265 | D        | Noticed a brain worm
  1265 | D        | Noticed a lindwurm
  1268 | D        | Killed a lindwurm
  1275 | D        | Killed a brain worm
  1275 | D        | Killed a brain worm
  1278 | D        | Killed a brain worm
  1280 | D        | Killed a lindwurm
  1280 | D        | Acquired Okawaru's second power
  1283 | D        | Killed a lindwurm
  1283 | D        | Reached skill level 10 in Conjurations
  1341 | D        | Noticed Sonja
  1349 | D        | Killed Sonja
  1349 | D        | Received a gift from Okawaru
  1652 | D        | Noticed an orc warrior
  1652 | D        | Noticed an orc priest
  1652 | D        | Noticed an orc wizard
  1652 | D        | Noticed an orc priest
  1656 | D        | Killed an orc priest
  1660 | D        | Noticed an orc priest
  1661 | D        | Killed an orc wizard
  1665 | D        | Killed an orc warrior
  1671 | D        | Killed an orc priest
  1672 | D        | Noticed an orc wizard
  1679 | D        | Killed an orc priest
  1681 | D        | Killed an orc wizard
  1855 | D        | Noticed an orc warrior
  1855 | D        | Noticed an orc warrior
  1855 | D        | Noticed an orc warrior
  1855 | D        | Noticed an orc warrior
  1855 | D        | Noticed an orc warrior
  1855 | D        | Noticed an orc warrior
  1855 | D        | Noticed an orc warrior
  1859 | D        | Noticed an orc knight
  1860 | D        | Killed an orc warrior
  1864 | D        | Killed an orc warrior
  1864 | D        | Reached skill level 10 in Dodging
  1868 | D        | Killed an orc warrior
  1869 | D        | Killed an orc warrior
  1870 | D        | Noticed an orc warrior
  1878 | D        | Killed an orc knight
  1878 | D        | Received a gift from Okawaru
  1879 | D        | Noticed an orc warrior
  1882 | D        | Noticed an orc warrior
  1882 | D        | Killed an orc warrior
  1884 | D        | Killed an orc warrior
  1886 | D        | Killed an orc warrior
  1891 | D        | Noticed an orc priest
  1895 | D        | Killed an orc warrior
  1895 | D        | Reached XP level 11. HP: 75/130 MP: 2/18
  1904 | D        | Killed an orc warrior
  1906 | D        | Killed an orc warrior
  1909 | D        | Killed an orc priest
  2111 | D        | Found Hikeunil's General Store.
  2111 | D        | Noticed an orc sorcerer
  2111 | D        | Noticed an orc wizard
  2111 | D        | Noticed an orc wizard
  2111 | D        | Noticed an orc sorcerer
  2111 | D        | Noticed an orc sorcerer
  2111 | D        | Noticed an orc wizard
  2112 | D        | Found Fibuwir's Antique Weapon Shop.
  2113 | D        | Noticed an orc sorcerer
  2113 | D        | Killed an orc wizard
  2113 | D        | Killed an orc wizard
  2115 | D        | Noticed an orc sorcerer
  2116 | D        | Killed an orc sorcerer
  2116 | D        | Received a gift from Okawaru
  2116 | D        | Reached skill level 5 in Throwing
  2119 | D        | Killed an orc sorcerer
  2121 | D        | Noticed an orc sorcerer
  2124 | D        | Killed an orc sorcerer
  2124 | D        | Killed an orc sorcerer
  2137 | D        | Noticed a sun demon
  2191 | D        | Reached skill level 10 in Throwing
  2200 | D        | Killed an orc sorcerer
  2218 | D        | Demolished by a red devil

Action                   |  1- 3 |  4- 6 |  7- 9 | 10-12 || total
-------------------------+-------+-------+-------+-------++-------
Melee: Unarmed           |    31 |       |       |       ||    31
       Dagger            |    30 |       |       |       ||    30
       Morningstar       |     1 |     8 |    71 |     9 ||    89
       Giant spiked club |       |       |       |    73 ||    73
Throw: Tomahawk          |       |       |       |    14 ||    14
       Large rock        |       |       |       |    16 ||    16
       Javelin           |       |       |       |     5 ||     5
 Cast: Sting             |     6 |       |       |       ||     6
       Mephitic Cloud    |       |     1 |     3 |     9 ||    13
       Venom Bolt        |       |       |       |     6 ||     6
       Cure Poison       |       |       |       |     1 ||     1
Invok: Heroism           |       |       |     3 |     5 ||     8
Evoke: Wand              |     1 |     1 |     6 |     6 ||    14
  Use: Potion            |     3 |       |     2 |     1 ||     6
       Scroll            |       |       |     1 |       ||     1
 Stab: Invisible         |       |       |     4 |       ||     4
       Confused          |       |       |     3 |     2 ||     5
  Eat: Chunk             |       |       |     2 |     5 ||     7
       Fruit             |       |       |       |     3 ||     3
